 Dungeon Sprint DCSS version 0.25.1-1-g288607f5aa (webtiles) character file.

Game seed: 10522347216882795024

5912 jt the Severer (level 11, -4/84 HPs)
             Began as a Formicid Fighter on July 26, 2020.
             Was an Elder of Makhleb.
             Killed from afar by a hellephant (31 damage)
             ... with a blast of flame
             ... in the Dungeon (Sprint II: "The Violet Keep of Menkaure").
             The game lasted 00:11:13 (1575 turns).

jt the Severer (Formicid Fighter)                   Turns: 1575, Time: 00:11:13

Health: -4/84      AC: 18    Str: 29    XL:     11   Next: 8%
Magic:  14/15      EV:  8    Int: 15    God:    Makhleb [****..]
Gold:   56         SH: 12    Dex: 10    Spells: 10/10 levels left

rFire    + . .     SeeInvis +   a - +1 battleaxe of Pyromania {pain, rN+} (curse)
rCold    + . .     Gourm    .   c - +0 kite shield
rNeg     + . .     Faith    .   h - +6 chain mail of the Tormentor {rPois Str+4 Int+8}
rPois    +         Spirit   .   (helmet unavailable)
rElec    +         Reflect  .   r - +1 cloak
rCorr    +         Harm     .   (no gloves)
MR       +....                  (no boots)
Stlth    ..........             (no amulet)
HPRegen  0.24/turn              (no ring)
MPRegen  0.14/turn              (no ring)

@: resistant, flying
A: permanent stasis, dig shafts and tunnels, four strong arms, antennae 3
a: Dig, Minor Destruction, Lesser Servant of Makhleb, Major Destruction,
Renounce Religion


You were in the Dungeon.
You worshipped Makhleb.
Makhleb was greatly pleased with you.
You were not hungry.

You visited 1 branch You collected 1149 gold pieces.
You spent 1093 gold pieces at shops.

Inventory:

Hand Weapons
 a - the cursed +1 battleaxe of Pyromania (weapon) {pain, rN+}
   (You bought it in a shop in the Dungeon)

   In the hands of one skilled in necromantic magic, it inflicts extra damage on
   living creatures.
   It protects you from negative energy.
   It has a curse placed upon it.
 d - a +0 spear
 k - a +0 arbalest
 t - a +0 hunting sling
 B - a +0 hunting sling
 C - a +0 hunting sling
Missiles
 b - 120 stones (quivered)
 l - 21 bolts
 m - 40 arrows
Armour
 c - a +0 kite shield (worn)
 h - the +6 chain mail of the Tormentor (worn) {rPois Str+4 Int+8}
   (You bought it in a shop in the Dungeon)

   It affects your strength (+4).
   It affects your intelligence (+8).
   It protects you from poison.
 r - a +1 cloak (worn)
Wands
 D - a wand of clouds (3)
Scrolls
 o - 8 scrolls of identify
 p - 4 scrolls of remove curse
 q - a scroll of enchant weapon {unknown}
 s - a scroll of fear {unknown}
 v - a scroll of enchant armour {unknown}
 w - a scroll of random uselessness {unknown}
 y - a scroll of fog {unknown}
 A - a scroll of immolation {unknown}
Potions
 e - 2 potions of curing
 g - a potion of heal wounds
 i - 5 potions of magic
 j - a potion of might
 n - 2 potions of flight
 u - a potion of ambrosia
 x - a potion of resistance
Comestibles
 f - 9 rations


   Skills:
 + Level 7.0 Fighting
 - Level 20.0 Axes
 + Level 7.0 Armour
 - Level 9.0 Shields
 + Level 6.6 Invocations
 + Level 6.0 Evocations


You had 10 spell levels left.
You didn't know any spells.
Your spell library was empty.

Dungeon Overview and Level Annotations

Branches:
Dungeon (1/1)

Altars:
Cheibriados
Dithmenos
Elyvilon
Fedhas
Gozag
Hepliaklqana
Kikubaaqudgha
Makhleb
Nemelex Xobeh
Okawaru
Qazlal
Ru
Sif Muna
Trog
Uskayaw
Vehumet
Wu Jian
Xom
Yredelemnul
Zin
The Shining One
Beogh
Jiyva
Lugonu

Shops:
D [=:[!?:}!:*=(%![

Annotations:
D exclusions: oklob plant and orange crystal statue


Innate Abilities, Weirdness & Mutations

You cannot be hasted, slowed, berserked, paralysed or teleported.
You can dig through walls and to a lower floor.
Your four strong arms can wield two-handed weapons with a shield.
You have a pair of large antennae on your head. (SInv)


Message History

You hit the hellephant but do no damage.
The red draconian shifter is engulfed in poison gas.
The red draconian shifter looks as sick as possible!
The red draconian shifter points at you and mumbles some strange words.
You feel a strange sense of stasis.
The hellephant is engulfed in poison gas.
The hellephant looks as sick as possible!
The hellephant tramples you!!
You are shoved backwards!
You slice the red draconian shifter!!
The red draconian shifter is almost dead.
You slice the hellephant!!
The red draconian shifter is engulfed in poison gas.
The red draconian shifter looks as sick as possible!
The red draconian shifter points at you and mumbles some strange words.
You feel a strange sense of stasis.
The hellephant is engulfed in poison gas.
The hellephant looks as sick as possible!
The hellephant breathes flames at you. The blast of flame hits you!!
You resist.
You die...

.○.▓≈≈§≈§≈§§▓▓
#|)▓▓▓▓▓▓▓▓▓▓▓▓+▓▓
#)}▓.)[.....▓▓...▓
{
#":▓.[.(....▓▓.⌠.▓
{
#°[▓........▓▓..$▓
{
###▓[.......▓▓...▓
{
#.#▓.....[..▓▓§§§▓
{ {
..#▓........▓▓§q§▓
{
..#▓.....[..▓▓§Y@▓
#.#▓..).....▓▓)..▓
.##▓▓▓▓▓▓▓'▓▓▓▓'▓▓
≈≈≈≈≈≈≈≈≈≈...≈≈≈▓
########'###.≈≈≈▓
{{{ {
.._._._#≈§≈##≈≈≈▓
._._._.#≈§§§####▓▓
_._._._#§§§§≈##..#
._._._.#§§≈§§≈#..#
{


You could see a hellephant (extremely poisoned, catching breath) and a red
draconian shifter (extremely poisoned).

Vanquished Creatures
  A kraken (D)
  Sonja (D)
  2 deep trolls (D)
  A glowing orange brain (D)
  A merfolk siren (D)
  A yaktaur (D)
  3 polar bears (D)
  2 hippogriffs (D)
  A hornet (D)
  4 necrophages (D)
  4 crocodiles (D)
  A scorpion (D)
  A tentacle (D)
23 creatures vanquished.

Vanquished Creatures (others)
  Menkaure (D)
  A crocodile (D)
  22 tentacles (D)
24 creatures vanquished.

Grand Total: 47 creatures vanquished

Notes
Turn   | Place    | Note
-------+----------+-------------------------------------------
     0 | D        | jt the Formicid Fighter began the quest for the Orb.
     0 | D        | Reached XP level 1. HP: 18/18 MP: 1/1
     1 | D        | Noticed a hippogriff
     1 | D        | Noticed a hippogriff
     4 | D        | Noticed a merfolk siren
    18 | D        | Killed a merfolk siren
    18 | D        | Reached skill level 11 in Axes
    18 | D        | Reached XP level 2. HP: 24/24 MP: 2/2
    18 | D        | Reached XP level 3. HP: 29/29 MP: 3/3
    18 | D        | Reached XP level 4. HP: 35/35 MP: 4/4
    18 | D        | Reached XP level 5. HP: 41/41 MP: 5/5
    18 | D        | Reached XP level 6. HP: 47/47 MP: 6/6
    33 | D        | Killed a hippogriff
    33 | D        | Reached skill level 12 in Axes
    33 | D        | Reached XP level 7. HP: 37/52 MP: 7/7
    37 | D        | Killed a hippogriff
    37 | D        | Reached skill level 14 in Axes
    47 | D        | Killed Menkaure
    61 | D        | Noticed a tyrant leech
    61 | D        | Noticed a tyrant leech
    70 | D        | Noticed a flying skull
    70 | D        | Noticed a flying skull
    70 | D        | Noticed a flying skull
    70 | D        | Noticed a flying skull
    70 | D        | Noticed a flying skull
    70 | D        | Noticed a flying skull
    70 | D        | Noticed a flying skull
    70 | D        | Noticed a flying skull
    70 | D        | Noticed a flying skull
    71 | D        | Noticed a flying skull
    72 | D        | Noticed a flying skull
    72 | D        | Noticed a flying skull
   117 | D        | Found Poecual's Jewellery Shop.
   117 | D        | Found Jegysih's Food Shop.
   118 | D        | Found Xaerofur's Book Boutique.
   118 | D        | Found Zedeg's Assorted Antiques.
   119 | D        | Found Biorchafy's Distillery.
   119 | D        | Found Esojox's Antique Armour Shop.
   119 | D        | Found Tiusuruk's Gadget Shop.
   120 | D        | Found Pikkan's Book Shop.
   120 | D        | Found Woysass's Magic Scroll Boutique.
   120 | D        | Found Gompyd's Distillery.
   121 | D        | Found Borheum's Antique Weapon Boutique.
   123 | D        | Found Muiryos's Distillery.
   123 | D        | Found Mah Alieg's Antique Armour Shop.
   123 | D        | Noticed an ice dragon
   123 | D        | Noticed an oklob plant
   124 | D        | Found Dieruuge's Jewellery Shop.
   124 | D        | Found Toxzokla's Antique Armour Boutique.
   124 | D        | Found Keor's Book Shoppe.
   139 | D        | Reached XP level 8. HP: 42/58 MP: 8/8
   150 | D        | Noticed a redback
   164 | D        | Bought a polished battleaxe for 264 gold pieces
   164 | D        | Identified the cursed +1 battleaxe of Pyromania {pain, rN+}
                  | (You bought it in a shop in the Dungeon)
   175 | D        | Bought a dazzling chain mail for 190 gold pieces
   185 | D        | Identified the +6 chain mail of the Tormentor {rPois Str+4
                  | Int+8} (You bought it in a shop in the Dungeon)
   234 | D        | Reached skill level 15 in Axes
   251 | D        | Noticed an orange crystal statue
   279 | D        | Bought a potion of curing for 33 gold pieces
   279 | D        | Bought 2 potions of heal wounds for 110 gold pieces
   281 | D        | Bought a potion of might for 44 gold pieces
   281 | D        | Bought a potion of might for 44 gold pieces
   308 | D        | Found a glowing golden altar of the Shining One.
   308 | D        | Found an ornate altar of the Wu Jian Council.
   309 | D        | Found a shimmering altar of Xom.
   309 | D        | Found a sacrificial altar of Ru.
   310 | D        | Found a basalt altar of Yredelemnul.
   310 | D        | Found a shimmering blue altar of Sif Muna.
   311 | D        | Found a glowing silver altar of Zin.
   311 | D        | Found a bloodstained altar of Trog.
   311 | D        | Found an ancient bone altar of Kikubaaqudgha.
   311 | D        | Found a stormy altar of Qazlal.
   311 | D        | Found a viscous altar of Jiyva.
   312 | D        | Found a hide-covered altar of Uskayaw.
   312 | D        | Found a corrupted altar of Lugonu.
   312 | D        | Found a shadowy altar of Dithmenos.
   313 | D        | Found a radiant altar of Vehumet.
   313 | D        | Found a burning altar of Makhleb.
   313 | D        | Found a white marble altar of Elyvilon.
   314 | D        | Found a sparkling altar of Nemelex Xobeh.
   314 | D        | Found a blossoming altar of Fedhas.
   316 | D        | Found an iron altar of Okawaru.
   316 | D        | Found an opulent altar of Gozag.
   316 | D        | Found a hazy altar of Hepliaklqana.
   316 | D        | Found a snail-covered altar of Cheibriados.
   317 | D        | Found a roughly hewn altar of Beogh.
   324 | D        | Became a worshipper of Makhleb the Destroyer
   328 | D        | Noticed a yaktaur
   328 | D        | Noticed a hornet
   328 | D        | Noticed a polar bear
   328 | D        | Noticed a polar bear
   330 | D        | Noticed a polar bear
   348 | D        | Killed a polar bear
   348 | D        | Reached skill level 16 in Axes
   351 | D        | Killed a hornet
   351 | D        | Reached XP level 9. HP: 21/64 MP: 9/9
   355 | D        | Killed a polar bear
   355 | D        | Reached * piety under Makhleb
   355 | D        | Reached skill level 17 in Axes
   362 | D        | Killed a polar bear
   364 | D        | Killed a yaktaur
   364 | D        | Reached skill level 18 in Axes
   465 | D        | Noticed a kraken
   477 | D        | Reached ** piety under Makhleb
   536 | D        | Noticed an ice statue
   879 | D        | Noticed a deep troll
   879 | D        | Noticed a deep troll
   887 | D        | Killed a deep troll
   887 | D        | Reached skill level 19 in Axes
   887 | D        | Reached XP level 10. HP: 38/70 MP: 10/10
   890 | D        | Killed a deep troll
   890 | D        | Reached *** piety under Makhleb
  1105 | D        | Bought a wand of clouds (5) for 378 gold pieces
  1108 | D        | Bought a scroll of remove curse for 30 gold pieces
  1299 | D        | Killed a kraken
  1299 | D        | Reached skill level 20 in Axes
  1299 | D        | Reached skill level 5 in Fighting
  1299 | D        | Reached skill level 5 in Armour
  1299 | D        | Reached skill level 5 in Invocations
  1558 | D        | Noticed a red draconian shifter
  1558 | D        | Noticed a glowing orange brain
  1558 | D        | Noticed a hellephant
  1558 | D        | Noticed Sonja
  1564 | D        | Killed a glowing orange brain
  1564 | D        | Reached skill level 5 in Evocations
  1569 | D        | Killed Sonja
  1569 | D        | Reached **** piety under Makhleb
  1569 | D        | Reached XP level 11. HP: 84/84 MP: 13/15
  1575 | D        | Killed from afar by a hellephant

Illustrated notes

Levels and vault maps discovered:
D:        the_violet_keep_of_menkaure [sprint2_stairs_cluster_1,
          sprint2_shoproom, sprint2_temple, sprint2_basic_supplies,
          sprint2_obstacle_1, sprint2_obstacle_2, sprint2_obstacle_4,
          sprint2_obstacle_7, sprint2_obstacle_6, sprint2_timed_cluster_1,
          sprint2_smallroom_cluster_1, sprint2_smallroom_final_cluster_1,
          sprint2_transparent_cluster_1, sprint2_second_timed_cluster_1,
          sprint2_sniper_area_1, sprint2_heavy_combat_area_1,
          sprint2_mutation_trap_area_1, sprint2_forest_area_1,
          sprint2_light_combat_area_1, sprint2_behind_water_1,
          sprint2_near_end_vault_1]

Skill      XL: |  1  2  3  4  5  6  7  8  9 10 |
---------------+-------------------------------+-----
Axes           | 11 12 14 16 19 20 | 20.0
Shields        | 9 |  9.0
Fighting       | 7 |  7.0
Armour         | 7 |  7.0
Invocations    | 6 |  6.6
Evocations     | 6 |  6.0

Action                   |  1- 3 |  4- 6 |  7- 9 | 10-12 || total
-------------------------+-------+-------+-------+-------++-------
Melee: War axe           |    10 |     6 |    16 |       ||    32
       Battleaxe         |       |       |    63 |    26 ||    89
Evoke: Wand              |       |       |       |     2 ||     2
  Use: Potion            |     2 |       |     6 |     2 ||    10
       Scroll            |       |       |     1 |       ||     1
  Eat: Ration            |       |       |       |     1 ||     1
       Chunk             |       |       |       |     1 ||     1
Armor: Scale mail        |       |     2 |     3 |       ||     5
       Chain mail        |       |       |    25 |    12 ||    37
Dodge: Dodged            |     2 |     4 |    15 |     3 ||    24
Block: Kite shield       |       |     6 |    41 |    10 ||    57
